 Dungeon Crawl Stone Soup version 0.31.0-11-ge490571c62 (webtiles) character file.

Game seed: 17864892356057306562

2052243 bakla the Eviscerator (level 27, 169/169 HPs)
             Began as a Felid Cinder Acolyte on Jan 27, 2024.
             Was a High Priest of Wu Jian.
             Escaped with the Orb
             ... and 4 runes!
             The game lasted 04:09:56 (91624 turns).

bakla the Eviscerator (Felid Cinder Acolyte)       Turns: 91624, Time: 04:09:57

Health: 169/169    AC:  3    Str: 19 (20) XL:     27
Magic:  31/31      EV: 46    Int: 26      God:    Wu Jian [*****.]
Gold:   6017       SH:  0    Dex: 25      Spells: 24/36 levels left
                                        Lives:  1   Deaths: 9

rFire   + .          .
                       - Unarmed
rCold   + + +        (shield unavailable)
rNeg    + . .        (body armour unavailable)
rPois   +            (helmet unavailable)
rElec   +            (cloak unavailable)
rCorr   .            (gloves unavailable)
SInv    +            (boots unavailable)
Will    +++++        b - amulet "Ytegaczi" {Acrobat rC+ Regen+ Dex+3}
Stlth   +++          u - ring of Fuifapt {rPois rN+ Str+6 Dex+6}
HPRegen 1.28/turn    x - ring "Owemyffa" {rElec rPois rC+ Int+6}
MPRegen 0.22/turn

%: acrobat
@: blade hands
A: very small, (claws 1), fangs 3, see invisible, shaggy fur 3, (stealthy paws),
no weapons or thrown items, no armour, multi-lived, antennae 1, deterioration 1,
fire resistance 1, strong-willed 1, weak 2, inability to drink after injury 1,
MP-powered wands
0: Orb of Zot
}: 4/15 runes: decaying, slimy, silver, gossamer
a: Begin Untransformation, Renounce Religion, Wall Jump, Serpent's Lash,
Heavenly Storm


You escaped.
You worshipped Wu Jian.
Wu Jian was extremely pleased with you.
You had blades for front paws.
You visited 12 branches of the dungeon, and saw 56 of its levels.
You visited 1 bazaar.
You visited 1 ziggurat, and saw 14 of its levels.
You also visited: Gauntlet and Desolation.

You collected 9058 gold pieces.
You spent 3041 gold pieces at shops.

Inventory:

Jewellery
 b - the amulet "Ytegaczi" (around neck) {Acrobat rC+ Regen+ Dex+3}
   (You bought it in a shop on level 9 of the Dungeon)

   [amulet of the acrobat]

   Acrobat:   It increases your evasion while moving and waiting.
   Dex+3:     It affects your dexterity (+3).
   rC+:       It protects you from cold.
   Regen+:    It increases your rate of health regeneration.
 c - a ring of ice
 d - a ring of protection from fire
 q - the ring "Dikes" {Wiz rF+ Will++ Str+4 Stlth-}
   (You found it on level 5 of a ziggurat)

   [ring of wizardry]

   Wiz:       It improves your spell success rate.
   Str+4:     It affects your strength (+4).
   rF+:       It protects you from fire.
   Will++:    It greatly increases your willpower.
   Stlth-:    It makes you less stealthy.
 t - the ring of Truth {Fire Will+ Str+2}
   (You found it on level 3 of the Lair of Beasts)

   [ring of fire]

   Fire:      It enhances your fire magic.
   Str+2:     It affects your strength (+2).
   rF+:       It protects you from fire.
   rC-:       It makes you vulnerable to cold.
   Will+:     It increases your willpower.
 u - the ring of Fuifapt (left blade hand) {rPois rN+ Str+6 Dex+6}
   (You acquired it on level 3 of the Lair of Beasts)

   [ring of strength]

   Str+6:     It affects your strength (+6).
   Dex+6:     It affects your dexterity (+6).
   rPois:     It protects you from poison rN+: It protects you from negative
   energy.
 x - the ring "Owemyffa" (right blade hand) {rElec rPois rC+ Int+6}
   (You acquired it on level 6 of the Dungeon)

   [ring of intelligence]

   Int+6:     It affects your intelligence (+6).
   rC+:       It protects you from cold.
   rElec:     It insulates you from electricity.
   rPois:     It protects you from poison
 I - a ring of the Octopus King {rCorr HP+2 AC+2 EV+2 SH+2}
   (You found it on level 5 of the Pits of Slime)

   [ring of resist corrosion]

   AC+2:      It affects your AC (+2).
   EV+2:      It affects your evasion (+2).
   HP+2:      It affects your health (+2).
   rCorr:     It protects you from acid and corrosion.
   SH+2:      It affects your SH (+2).
 N - the ring of Suspicion {rN+ rCorr Dex+3}
   (You found it on level 6 of a ziggurat)

   [ring of positive energy]

   Dex+3:     It affects your dexterity (+3).
   rN+:       It protects you from negative energy.
   rCorr:     It protects you from acid and corrosion.
 P - the dreamdust necklace {Acrobat}
   (You found it on level 6 of a ziggurat)

   [amulet of the acrobat]

   Acrobat:   It increases your evasion while moving and waiting.
 Y - the ring "Toeteimm" {rN+ rCorr Str+5 Stlth+}
   (You acquired it on level 5 of the Vaults)

   [ring of resist corrosion]

   Str+5:     It affects your strength (+5).
   rN+:       It protects you from negative energy.
   rCorr:     It protects you from acid and corrosion.
   Stlth+:    It makes you more stealthy.
Talismans
 y - a blade talisman (active)
 T - a talisman of death
Wands
 j - a wand of iceblast (35)
 m - a wand of flame (81)
 n - a wand of light (12)
 s - a wand of digging (19)
 B - a wand of polymorph (17)
 O - a wand of paralysis (61)
 Q - a wand of mindburst (63)
Scrolls
 g - 9 scrolls of teleportation
 l - 13 scrolls of fog
 p - 3 scrolls of immolation
 v - 8 scrolls of noise
 A - 3 scrolls of silence
 C - 9 scrolls of vulnerability
 E - a scroll of revelation
 G - 7 scrolls of amnesia
 H - 2 scrolls of blinking
 J - 2 scrolls of fear
 M - 4 scrolls of torment
 W - 9 scrolls of poison
 X - 2 scrolls of butterflies
Potions
 a - 5 potions of magic
 e - 14 potions of attraction
 h - a potion of heal wounds
 i - 12 potions of mutation
 k - 4 potions of enlightenment
 o - 2 potions of resistance
 r - 5 potions of cancellation
 w - 4 potions of haste
 z - 11 potions of brilliance
 F - 7 potions of lignification
 S - 4 potions of invisibility
 V - 4 potions of might
 Z - 4 potions of berserk rage
Miscellaneous
 f - a lightning rod (4/4)
 D - a phantom mirror
 K - a sack of spiders
 L - a condenser vane
 R - a phial of floods


   Skills:
 + Level 25.1 Fighting
 - Level 25.0 Dodging
 - Level 20.1 Stealth
 + Level 25.1 Unarmed Combat
 - Level 5.0 Spellcasting
 - Level 5.0 Necromancy
 - Level 2.6 Fire Magic
 - Level 8.0 Evocations
 + Level 23.1 Shapeshifting


You had 24 spell levels left.
You knew the following spells:

 Your Spells              Type           Power      Damage    Failure   Level
a - Scorch                Fire           40%        2d6       3%          2
b - Summon Small Mammal   Summ           24%        N/A       8%          1
c - Call Imp              Summ           12%        N/A       12%         2
d - Apportation           Tloc           12%        N/A       8%          1
e - Swiftness             Air            6%         N/A       22%         3
f - Fugue of the Fallen   Necr           32%        N/A       3%          3

Your spell library contained the following spells:

 Spells                   Type           Power      Damage    Failure   Level
 Necrotise                Necr           100%       1d9       1%          1
 Sublimation of Blood     Necr           32%        N/A       1%          2
 Kiss of Death            Conj/Necr      76%        2d11      2%          1
 Vampiric Draining        Necr           32%        2d8       3%          3
 Foxfire                  Conj/Fire      52%        2x1d6     4%          1
 Cigotuvi's Dreadful Rot  Necr/Alch/Air  30%        N/A       6%          2
 Freeze                   Ice            24%        1d4       8%          1
 Magic Dart               Conj           24%        1d4       8%          1
 Sandblast                Erth           12%        2d6       8%          1
 Shock                    Conj/Air       24%        1d4       8%          1
 Sting                    Conj/Alch      24%        1d4       8%          1
 Animate Dead             Necr           32%        N/A       10%         4
 Dispel Undead            Necr           32%        3d14      10%         4
 Blink                    Tloc           12%        N/A       12%         2
 Jinxbite                 Hex            12%        N/A       12%         2
 Lesser Beckoning         Tloc           12%        N/A       12%         2
 Mercury Vapours          Alch/Air       12%        N/A       12%         2
 Momentum Strike          Conj/Tloc      12%        3d8       12%         2
 Searing Ray              Conj           12%        2d4       12%         2
 Static Discharge         Conj/Air       12%        3-4/arc   12%         2
 Inner Flame              Hex/Fire       13%        N/A       13%         3
 Volatile Blastmotes      Fire/Tloc      26%        2d12      13%         3
 Call Canine Familiar     Summ           6%         N/A       22%         3
 Confusing Touch          Hex            6%         N/A       22%         3
 Dazzling Flash           Conj/Hex       12%        N/A       22%         3
 Frozen Ramparts          Ice            12%        1d2       22%         3
 Gell's Gravitas          Tloc           6%         N/A       22%         3
 Hailstorm                Conj/Ice       6%         3d5       22%         3
 Mephitic Cloud           Conj/Alch/Air  6%         N/A       22%         3
 Ozocubu's Armour         Ice            6%         N/A       22%         3
 Passwall                 Erth           6%         N/A       22%         3
 Sigil of Binding         Hex            6%         N/A       22%         3
 Stone Arrow              Conj/Erth      12%        3d7       22%         3
 Summon Ice Beast         Ice/Summ       6%         N/A       22%         3
 Teleport Other           Tloc           6%         N/A       22%         3
 Martyr's Knell           Necr/Summ      19%        N/A       26%         4
 Curse of Agony           Necr           32%        N/A       26%         5
 Flame Wave               Conj/Fire      13%        2d6       41%         4
 Ignite Poison            Fire/Alch      13%        N/A       41%         4
 Sticky Flame             Fire/Alch      13%        2d5       41%         4
 Summon Blazeheart Golem  Fire/Summ      13%        N/A       41%         4
 Airstrike                Air            3%         2d(1-17)  58%         4
 Brom's Barrelling Bould  Conj/Erth      6%         2d3       58%         4
 Cause Fear               Hex            3%         N/A       58%         4
 Fulminant Prism          Conj/Alch      3%         3d5       58%         4
 Iskenderun's Mystic Bla  Conj/Tloc      6%         2d4       58%         4
 Leda's Liquefaction      Alch/Erth      3%         N/A       58%         4
 Manifold Assault         Tloc           6%         N/A       58%         4
 Olgreb's Toxic Radiance  Alch           6%         N/A       58%         4
 Petrify                  Alch/Erth      6%         N/A       58%         4
 Summon Lightning Spire   Summ/Air       6%         N/A       58%         4
 Vhi's Electric Charge    Tloc/Air       12%        N/A       58%         4
 Borgnjor's Vile Clutch   Necr/Erth      9%         N/A       58%         5
 Fireball                 Conj/Fire      6%         3d5       77%         5
 Death Channel            Necr           16%        N/A       83%         6
 Alistair's Intoxication  Alch           4%         N/A       91%         5
 Arcjolt                  Conj/Air       3%         1d13      91%         5
 Freezing Cloud           Conj/Ice/Air   3%         6-21      91%         5
 Irradiate                Conj/Alch      3%         3d12      91%         5
 Iskenderun's Battlesphe  Conj           6%         2d6       91%         5
 Lee's Rapid Deconstruct  Erth           3%         3d5*      91%         5
 Metabolic Englaciation   Hex/Ice        3%         N/A       91%         5
 Silence                  Hex/Air        3%         N/A       91%         5
 Summon Forest            Summ/Tloc      3%         N/A       91%         5
 Summon Mana Viper        Hex/Summ       6%         N/A       91%         5
 Yara's Violent Unravell  Hex/Alch       3%         3d4       91%         5
 Bombard                  Conj/Erth      3%         9d1       100%        6
 Conjure Ball Lightning   Conj/Air       3%         3x3d6     100%        6
 Dispersal                Tloc           3%         N/A       100%        6
 Eringya's Noxious Bog    Alch           3%         4d6       100%        6
 Plasma Beam              Fire/Air       6%         2x1d17    100%        6
 Sculpt Simulacrum        Ice/Alch       3%         N/A       100%        6
 Starburst                Conj/Fire      6%         6d4       100%        6
 Summon Cactus Giant      Summ           3%         N/A       100%        6
 Enfeeble                 Hex            3%         N/A       100%        7
 Haunt                    Necr/Summ      9%         N/A       100%        7
 Monstrous Menagerie      Summ           3%         N/A       100%        7
 Orb of Destruction       Conj           3%         9d5       100%        7
 Ozocubu's Refrigeration  Ice            3%         4d8       100%        7
 Summon Hydra             Summ           3%         N/A       100%        7
 Borgnjor's Revivificati  Necr           16%        N/A       100%        8
 Discord                  Hex            3%         N/A       100%        8
 Disjunction              Tloc           3%         N/A       100%        8
 Ignition                 Fire           10%        3d5       100%        8
 Infestation              Necr           16%        N/A       100%        8
 Death's Door             Necr           16%        N/A       100%        9
 Dragon's Call            Summ           3%         N/A       100%        9
 Polar Vortex             Ice            3%         N/A       100%        9
 Animate Armour           Summ/Erth      Unusable   N/A       N/A         4
 Dimensional Bullseye     Hex/Tloc       Unusable   N/A       N/A         4

Dungeon Overview and Level Annotations

Branches:
Dungeon (15/15)            Temple (0/1) D:7            Lair (5/5) D:10
  Swamp (4/4) Lair:2       Spider (4/4) Lair:3        Slime (5/5) Lair:5
    Orc (2/2) D:12            Elf (3/3) Orc:2        Vaults (5/5) D:13
  Crypt (3/3) Vaults:2       Tomb (1/3) Crypt:3      Depths (4/4) D:15
    Zot (5/5) Depths:4    Desolation (visited)      Gauntlet (visited)

Altars:
Ashenzari
Cheibriados
Dithmenos
Elyvilon
Fedhas
Gozag
Kikubaaqudgha
Makhleb
Qazlal
Ru
Sif Muna
Trog
Uskayaw
Vehumet
Wu Jian
Xom
Yredelemnul
Zin
Jiyva

Shops:
D:1 *   D:5 (   D:9 *=   Orc:2 :*([   Elf:2 ?   Vaults:1 (   Vaults:3 [

Portals:
Hell: Depths:1 Depths:2 Depths:3 Depths:4
Abyss: Depths:3
Pandemonium: Depths:2

Annotations:
D:5 exclusion: oklob plant
Swamp:2 1 runed translucent door, angrytalen3's ghost, adept MiGl
Elf:2 2 runed translucent doors
Vaults:3 1 transporter
Crypt:1 exclusion: door, Vv
Crypt:2 3 runed translucent doors, exclusion: obsidian statue, Ulecsuczon's ghost, veteran MiGl
Depths:4 2 transporters, Dameikh's ghost, veteran FoFi
Zot:4 exclusion: upstairs


Innate Abilities, Weirdness & Mutations

You have blades for front paws.
((You have sharp claws.))
You have razor-sharp teeth.
You have supernaturally acute eyesight. (SInv)
Your thick and shaggy fur keeps you warm. (AC +3, rC+)
((Your paws help you pounce on unaware monsters.))
You are incapable of wielding weapons or throwing items.
You cannot wear armour.
You gain extra lives every three experience levels.
You have a pair of small antennae on your head.
Your body sometimes deteriorates upon taking damage.
Your flesh is heat resistant. (rF+)
You are strong-willed. (Will+)
You are very weak. (Str -4)
You occasionally lose the ability to drink potions when taking damage.
You expend magic power (3 MP) to strengthen your wands.


Message History

a +0 chain mail; a +0 club
There is a stone staircase leading up here.
You climb upwards.
There is a stone staircase leading down here.
There is a stone staircase leading up here.
You climb upwards.
There is a stone staircase leading down here.
A reaper comes into view. It is wielding a +1 heavy scythe.
You shred the reaper!!!
The reaper is severely wounded.
You slash the reaper!
The reaper is almost dead.
You slash the reaper! Your slash misses the reaper.
The reaper is almost dead.
The reaper hits you with a +1 heavy scythe!!
The reaper drags you backwards!
You shred the reaper!!!!
You kill the reaper!
The Council accepts your kill.
What level of the Dungeon? (default 1, ? - help)
Things that are here:
a +0 ring mail; a +1 short sword of holy wrath
There is a stone staircase leading up here.
You climb upwards.
There is a stone staircase leading down here.
HP restored.
There is a stone staircase leading up here.
You climb upwards.
There is a stone staircase leading down here.
What level of the Dungeon? (default 1, ? - help)
There is a stone staircase leading down here.
There is a staircase leading out of the dungeon here.
What are your orders? t - Meow!
Orders for allies: a - Attack new target. r - Retreat! s - Stop attacking. g - Guard the area. f - Follow me.
Anything else - Cancel.
Okay, then.
You have escaped!

##......#....#.###.....#.....#...
##...#..#....#.# #.....#.##.##.♣.
.....#..#....#.###....##.##.##♣♣♣
.###.').'.....................~♣♣
.# #.##.#....#.#.#.#............~
.###..........#.#.#.#.........PP~
.....##.####.#.#.#.#..........♣♣♣
.....##.......#.#.#.#....###.##.♣
(....#######.#.#@#.#...#........#
.###..........#.#.#.#....##..##.#
.# #.###.....#.#.#.#.............
.###..........#.#.#.#....##..##.#
.....###.###.######...........#.#
............#######.#....##...#.#
....####.#####8_8####....##...#.#
##..# #.# #.....##...>.........
##..####.####.....###....##......


There were no monsters in sight!

Vanquished Creatures
  Dissolution (Slime:4)
  the Royal Jelly (Slime:5)
  3 orbs of fire (Zot:5)
  5 ancient liches
  Xtahua (Depths:4)
  3 Killer Klowns (Zot:5)
  Saint Roka (Crypt:1)
  3 caustic shrikes (Depths:4)
  9 golden dragons
  Norris (Depths:1)
  A curse toe (Zot:5)
  2 bone dragons (Crypt:3)
  A doom hound (Zig:4)
  4 electric golems
  Arachne (Spider:1)
  Jorgrun (Spider:3)
  A walking crystal tome (Depths:2)
  Rupert (Lair:4)
  A hellephant (Zot:1)
  22 Orb Guardians (Zot:5)
  8 titans
  7 liches
  10 tentacled monstrosities
  4 deep elf master archers (Elf:3)
  A deep elf blademaster (Elf:3)
  3 tentacled starspawn (Zig:11)
  29 acid blobs
  10 quicksilver dragons
  7 ancient champions
  A walking earthen tome (Depths:3)
  3 Executioners
  12 sphinxes
  9 death cobs
  8 shadow dragons
  5 tengu reavers
  15 azure jellies
  3 revenants
  7 storm dragons
  7 draconian knights
  An emperor scorpion (Spider:4)
  16 rockslimes
  A fenstrider witch (Swamp:1)
  2 protean progenitors (Zot:1)
  8 frost giants
  9 fire giants
  7 draconian scorchers
  13 vault wardens
  8 deep elf sorcerers
  3 draconian shifters
  2 deep elf elementalists (Elf:3)
  8 ghost moths
  9 orc warlords
  2 iron dragons
  A cacodemon (Zig:11)
  4 curse skulls
  An imperial myrmidon (Desolation)
  6 ghouls
  6 formless jellyfish
  2 reapers
  A balrug (D:8)
  2 draconian stormcallers
  8 ironbound preservers
  3 draconian annihilators
  3 broodmothers
  19 very ugly things
  15 quicksilver oozes
  17 stone giants
  2 caustic shrike skeletons (Crypt:3)
  8 vampire knights
  9 ironbound thunderhulks
  A juggernaut skeleton (Depths:2)
  7 green draconians
  2 eleionomae
  6 deep elf death magi
  7 deep elf demonologists
  10 black draconians
  A bunyip (Zig:11)
  4 white draconians
  11 purple draconians
  5 war gargoyles
  9 yellow draconians
  3 red draconians
  A halazid warlock (Desolation)
  8 deep elf annihilators
  10 spark wasps
  A minotaur (Gauntlet)
  5 eidola
  7 crystal guardians
  3 ettins
  9 fire dragons
  2 mummy priests (Tomb:1)
  8 deep elf high priests
  An entropy weaver (shapeshifter) (D:15)
  13 jiangshi
  A quicksilver dragon zombie (D:15)
  4 ragged hierophants (Desolation)
  9 servants of whispers (Desolation)
  2 entropy weavers
  6 ice dragons
  6 great orbs of eyes
  30 vault guards
  10 yaktaur captains
  A shambling mangrove (Swamp:4)
  23 hydras
  A quicksilver dragon skeleton (Crypt:3)
  8 peacekeepers
  12 alligators
  3 rakshasas
  2 jorogumos
  2 ogre magi (Vaults:5)
  A catoblepas (Lair:5)
  9 ironbound frosthearts
  A two-headed ogre (shapeshifter) (Depths:2)
  3 spriggan air magi
  8 boulder beetles
  11 centaur warriors
  3 radroaches
  3 death knights
  5 two-headed ogres
  8 tengu warriors
  A titan zombie (Tomb:1)
  16 death yaks
  6 deep troll shamans
  9 orc high priests
  An Orb Guardian skeleton (Crypt:2)
  10 death scarabs (Tomb:1)
  9 deep troll earth magi
  2 occultists (Depths:3)
  3 thrashing horrors (Zig:11)
  18 dancing weapons
  A sphinx skeleton (Vaults:2)
  9 demonic crawlers
  11 vampire magi
  3 shock serpents (Zig:8)
  8 sun demons
  11 deep elf knights
  3 spriggan berserkers
  6 skysharks
  10 spriggans
  2 wretched stars (Zig:11)
  4 shadow wraiths
  2 salamander mystics (Depths:4)
  8 iron trolls
  5 pharaoh ants
  A titan skeleton (Crypt:3)
  52 skeletal warriors
  6 flayed ghosts
  4 spriggan druids
  12 swamp dragons
  A sun moth (Spider:4)
  12 arcanists
  25 deep trolls
  7 goliath frogs
  24 deep elf archers
  2 glowing orange brains
  13 orb spiders
  13 lindwurms
  8 phantasmal warriors
  12 steelbarb worms
  2 obsidian statues (Zig:9)
  18 ironbound convokers
  An anaconda skeleton (Crypt:3)
  2 bunyip skeletons (Crypt:3)
  5 necromancers
  38 deep elf pyromancers
  26 deep elf zephyrmancers
  19 starcursed masses (Zig:11)
  A golden dragon skeleton (Crypt:3)
  5 harpies (Vaults:1)
  5 orc sorcerers
  An alligator zombie (Crypt:1)
  An oklob plant (Orc:1)
  11 shining eyes
  A shadow dragon skeleton (Crypt:2)
  16 orc knights
  A cyclops (D:13)
  58 ugly things
  28 wolf spiders
  5 will-o-the-wisps
  6 salamanders (Depths:4)
  A jorogumo skeleton (Crypt:3)
  A manticore (shapeshifter) (Vaults:5)
  A large abomination (Zot:5)
  19 moths of wrath
  A human skeleton (Vaults:2)
  6 meliai
  10 elephants (Lair:5)
  A goliath frog skeleton (Crypt:1)
  2 guardian serpents (Desolation)
  Joseph (D:7)
  4 kobold blastminers
  A stone giant skeleton (Crypt:3)
  3 smoke demons
  13 cane toads
  4 centaur skeletons
  An apocalypse crab (Zig:11)
  4 black mambas
  An alligator snapping turtle zombie (Crypt:1)
  2 naga skeletons (Crypt:3)
  A hellion (Zig:4)
  6 eyes of devastation
  14 vault sentinels
  2 dire elephant skeletons
  An unseen horror (D:12)
  A yellow draconian zombie (Crypt:3)
  8 torpor snails
  An efreet (D:14)
  2 alligator snapping turtle skeletons (Crypt:3)
  4 kobold demonologists
  8 komodo dragons
  An unseen horror (shapeshifter) (D:15)
  4 tengu conjurers
  A yaktaur zombie (Vaults:2)
  A komodo dragon (shapeshifter) (Vaults:5)
  A grey draconian zombie (Crypt:2)
  2 tormentors (Zig:4)
  8 rime drakes
  An elephant slug zombie (Crypt:2)
  6 freezing wraiths
  A redback zombie (Crypt:1)
  19 yaktaurs
  A death drake zombie (Crypt:2)
  2 green draconian skeletons
  10 trolls
  A minotaur skeleton (Crypt:3)
  8 guardian mummies
  An ancient zyme (Zig:11)
  A hydra zombie (Crypt:1)
  A bloated husk (Swamp:3)
  A harpy zombie (Tomb:1)
  7 blink frogs (Lair:3)
  5 dream sheep (Lair:4)
  12 tyrant leeches
  4 harpy skeletons
  43 tarantellas
  7 hornets
  6 glass eyes
  3 hellwings (Zot:5)
  A hydra skeleton (Tomb:1)
  3 polar bears
  51 saltlings (Desolation)
  A tarantella (shapeshifter) (Vaults:5)
  A glass eye (shapeshifter) (Vaults:5)
  4 raiju
  A fire dragon zombie (Tomb:1)
  5 spriggan skeletons
  32 jumping spiders
  107 slime creatures
  4 water elementals
  30 culicivoras
  6 shadows
  A naga simulacrum (Crypt:2)
  2 air elementals
  6 wraiths
  43 yaks
  3 ettin skeletons
  A tyrant leech zombie (Crypt:2)
  11 basilisks
  6 wyverns
  16 fire elementals
  A hog (shapeshifter) (D:13)
  2 black mamba skeletons (Crypt:3)
  6 wargs
  A merfolk skeleton (Crypt:1)
  3 steam dragons
  A spriggan simulacrum (Depths:2)
  56 redbacks
  A yaktaur simulacrum (Vaults:2)
  A harpy simulacrum (Crypt:2)
  A minotaur simulacrum (Crypt:1)
  25 vampire mosquitoes
  A glowing shapeshifter zombie (Vaults:2)
  12 swamp worms
  An acid dragon (D:8)
  15 water moccasins
  A cane toad zombie (Crypt:2)
  A glowing shapeshifter skeleton (Depths:2)
  Duvessa (D:5)
  5 hell hounds
  A faun skeleton (Crypt:3)
  10 swamp drakes
  46 orc warriors
  An ice beast (D:7)
  28 laughing skulls
  2 black bears
  8 wolves
  9 boggarts
  14 ogres
  A tengu (shapeshifter) (Zig:1)
  A snapping turtle skeleton (Crypt:3)
  3 centaurs
  3 phantoms (D:6)
  A swamp dragon skeleton (Crypt:1)
  An elephant skeleton (Crypt:1)
  3 kobold brigands (D:9)
  An elf zombie (Crypt:2)
  3 necrophages (Crypt:3)
  7 bullfrogs
  2 scorpions
  6 earth elementals
  9 wights
  Dowan (D:5)
  2 jellies
  5 howler monkeys
  A polar bear skeleton (Crypt:2)
  A crimson imp (D:5)
  6 bombardier beetles
  22 orc priests
  4 gnoll boudas
  6 hounds
  3 iguanas
  Jessica (D:2)
  30 orc wizards
  2 sleepcaps (D:7)
  13 hell rats (Lair:4)
  A statue (D:11)
  A boggart skeleton (Crypt:2)
  11 mummies
  A howler monkey zombie (Crypt:1)
  Robin (D:3)
  22 gnolls
  11 adders
  A steam dragon zombie (Crypt:3)
  3 white imps
  2 ufetubi (D:5)
  2 dart slugs
  A ribbon worm (D:2)
  106 orcs
  10 bats
  A bat zombie (Crypt:3)
  8 endoplasms
  13 goblins
  16 hobgoblins
  3 jackals
  20 kobolds
  4 quokkas
  7 ball pythons
  A bombardier beetle zombie (Crypt:1)
  4 frilled lizards
  A hobgoblin skeleton (Crypt:3)
  A jackal skeleton (Crypt:1)
  6 rats
  An aspiring flesh (Zot:1)
2582 creatures vanquished.

Vanquished Creatures (collateral kills)
  A quicksilver dragon (Zot:2)
  A skyshark (Lair:3)
  2 moths of wrath (Zot:2)
  A hornet (Swamp:2)
  A blink frog (Lair:3)
  A phantom (D:5)
7 creatures vanquished.

Vanquished Creatures (others)
  A deep elf knight (Elf:1)
  A deep elf pyromancer (D:12)
  2 deep elf zephyrmancers
  A butterfly (D:7)
  28 foxfires
  2 starspawn tentacles (Zig:11)
35 creatures vanquished.

Grand Total: 2624 creatures vanquished

Notes
Turn   | Place    | Note
-------+----------+-------------------------------------------
     0 | D:1      | bakla the Felid Cinder Acolyte began the quest for the Orb.
     0 | D:1      | Reached XP level 1. HP: 12/12 MP: 3/3
     8 | D:1      | Found Wazef's Assorted Antiques.
   101 | D:1      | Reached skill level 1 in Stealth
   130 | D:1      | Reached skill level 1 in Dodging
   130 | D:1      | Reached XP level 2. HP: 16/16 MP: 4/4
   174 | D:1      | Learned a level 2 spell: Scorch
   552 | D:1      | Reached XP level 3. HP: 17/20 MP: 3/5
  1175 | D:1      | Found a faded altar of an unknown god.
  1645 | D:2      | Learned a level 1 spell: Summon Small Mammal
  1883 | D:2      | Noticed Jessica
  2011 | D:2      | Reached XP level 4. HP: 20/24 MP: 1/6
  2011 | D:2      | Gained a life (2 lives remaining)
  2170 | D:2      | Killed Jessica
  2635 | D:2      | Reached XP level 5. HP: 28/28 MP: 3/8
  3064 | D:2      | Reached skill level 1 in Shapeshifting
  3606 | D:3      | Found a glowing silver altar of Zin.
  3889 | D:3      | Gained mutation: You are covered in thick fur. (AC +2)
                  | [Felid growth]
  3889 | D:3      | Reached XP level 6. HP: 30/33 MP: 1/9
  3994 | D:3      | Found a transporter.
  3994 | D:3      | Found a transporter.
  4020 | D:3      | Found a bloodstained altar of Trog.
  4023 | D:3      | Found a sacrificial altar of Ru.
  4256 | D:3      | Found a shadowy altar of Dithmenos.
  4256 | D:3      | Found an ancient bone altar of Kikubaaqudgha.
  4504 | D:3      | Noticed Robin
  4539 | D:3      | Killed Robin
  5141 | D:4      | You fall into a shaft and drop 1 floor!
  5141 | D:5      | Entered Level 5 of the Dungeon
  5141 | D:5      | Found a shimmering blue altar of Sif Muna.
  5142 | D:5      | Noticed Duvessa
  5588 | D:4      | Reached XP level 7. HP: 38/38 MP: 0/11
  5689 | D:4      | Found a basalt altar of Yredelemnul.
  6228 | D:4      | Found a stormy altar of Qazlal.
  6554 | D:1      | Bought a thin malachite amulet for 100 gold pieces
  6560 | D:1      | Bought a gluggy blue potion for 18 gold pieces
  6917 | D:5      | Killed Duvessa
  6918 | D:5      | Reached skill level 5 in Stealth
  7030 | D:5      | Noticed Dowan
  7031 | D:5      | Found Cotaet's Antique Weapon Boutique.
  7146 | D:5      | Reached XP level 8. HP: 38/39 MP: 6/13
  7156 | D:5      | Reached skill level 5 in Dodging
  7334 | D:5      | Killed Dowan
  7335 | D:5      | Reached skill level 5 in Fighting
  7335 | D:5      | Reached skill level 5 in Unarmed Combat
  7719 | D:5      | Found a blossoming altar of Fedhas.
  7739 | D:5      | Noticed an oklob plant
  7845 | D:5      | Found an ornate altar of the Wu Jian Council.
  9546 | D:6      | Found a burning altar of Makhleb.
  9552 | D:6      | Identified a scroll of acquirement
  9552 | D:6      | Acquired the ring "Owemyffa" {rElec rPois rC+ Int+6}
  9702 | D:7      | Found a staircase to the Ecumenical Temple.
  9785 | D:7      | Reached XP level 9. HP: 36/48 MP: 8/14
  9804 | D:7      | Noticed Joseph
  9817 | D:7      | HP: 1/48 [Joseph/+0 quarterstaff (4)]
  9819 | D:7      | Mangled by Joseph
  9819 | D:7      | Lost a life (1 life remaining)
 10257 | D:7      | Killed Joseph
 10491 | D:7      | Found a white marble altar of Elyvilon.
 11263 | D:8      | Learned a level 2 spell: Call Imp
 12181 | D:8      | Reached XP level 10. HP: 55/55 MP: 9/15
 12181 | D:8      | Gained a life (2 lives remaining)
 12266 | D:8      | Reached skill level 5 in Shapeshifting
 12811 | D:8      | Found a snail-covered altar of Cheibriados.
 13154 | D:9      | Found a broken altar of Ashenzari.
 13916 | D:9      | Found Kumyburph's Jewellery Boutique.
 14045 | D:9      | Noticed a six-headed hydra
 14214 | D:9      | Found Kozelikhla's Serpentskin Sales.
 14218 | D:9      | Reached skill level 10 in Stealth
 14593 | D:9      | Noticed a two-headed ogre
 14597 | D:9      | Killed a two-headed ogre
 15018 | D:10     | Entered Level 10 of the Dungeon
 15018 | D:10     | Found a staircase to the Lair.
 15127 | D:10     | Found an opulent altar of Gozag.
 15256 | D:10     | Found a shimmering altar of Xom.
 15433 | D:10     | Noticed a white ugly thing
 15435 | D:10     | Killed a white ugly thing
 15436 | D:10     | Reached skill level 10 in Dodging
 15436 | D:10     | Reached XP level 11. HP: 60/60 MP: 16/16
 15959 | D:11     | Noticed a two-headed ogre
 16093 | D:11     | Noticed a tengu warrior
 16107 | D:11     | Noticed a boulder beetle
 16133 | D:11     | Killed a boulder beetle
 16312 | D:11     | Killed a two-headed ogre
 16865 | D:11     | Found a radiant altar of Vehumet.
 17194 | D:12     | Noticed a deep elf pyromancer
 17198 | D:12     | Noticed a boulder beetle
 17293 | D:12     | Noticed a two-headed ogre
 17307 | D:12     | Killed a two-headed ogre
 17403 | D:12     | Killed a deep elf pyromancer
 17492 | D:12     | Found a staircase to the Orcish Mines.
 17911 | D:12     | Killed a boulder beetle
 18025 | D:12     | Noticed a centaur warrior
 18080 | D:12     | Killed a centaur warrior
 18571 | D:13     | Noticed a tengu warrior
 18595 | D:13     | Noticed a red ugly thing
 18708 | D:9      | Bought a blade talisman for 420 gold pieces
 18750 | Lair:1   | Entered Level 1 of the Lair of Beasts
 18922 | Lair:1   | Noticed a boulder beetle
 19116 | Lair:1   | Gained mutation: Your thick and shaggy fur keeps you warm.
                  | (AC +3, rC+) [Felid growth]
 19116 | Lair:1   | Reached XP level 12. HP: 52/66 MP: 17/17
 19723 | Lair:1   | Killed a boulder beetle
 20237 | D:5      | Fell from the grace of Ignis
 20237 | D:5      | Became a worshipper of the Wu Jian Council
 20424 | Lair:1   | Noticed a death yak
 21077 | Lair:2   | Found a staircase to the Swamp.
 21077 | Lair:2   | Noticed an alligator
 21126 | Lair:2   | Killed an alligator
 21298 | Lair:2   | Reached skill level 10 in Shapeshifting
 21799 | Lair:2   | You fall into a shaft and drop 2 floors!
 21837 | Lair:3   | HP: 2/67 [komodo dragon (25)]
 22163 | Lair:3   | Reached * piety under Wu Jian
 22167 | Lair:3   | Reached skill level 10 in Fighting
 22173 | Lair:3   | Reached skill level 10 in Unarmed Combat
 22428 | Lair:3   | You fall into a shaft and drop 2 floors!
 22428 | Lair:5   | Entered Level 5 of the Lair of Beasts
 22470 | Lair:5   | Noticed a death yak
 22473 | Lair:5   | Noticed a death yak
 22473 | Lair:5   | Noticed a death yak
 22502 | Lair:3   | Reached XP level 13. HP: 57/72 MP: 18/18
 22594 | Lair:3   | Was forgiven by Ignis
 22755 | Lair:3   | Identified the ring of Truth {Fire Will+ Str+2}
 22772 | Lair:3   | Found a hole to the Spider Nest.
 22952 | Lair:3   | Identified the +3 kite shield of Trial and Error {rF-
                  | Will+++ Regen+ Dex-5 SInv}
 23002 | Lair:3   | Acquired the ring of Fuifapt {rPois rN+ Str+6 Dex+6}
 24350 | Lair:1   | HP: 3/72 [death yak (28)]
 24624 | Lair:1   | Slain by a death yak
 24624 | Lair:1   | Lost a life (1 life remaining)
 24646 | Lair:1   | Reached ** piety under Wu Jian
 24763 | Lair:4   | Noticed Rupert
 25370 | Lair:4   | Slain by Rupert
 25370 | Lair:4   | Lost a life (0 lives remaining)
 25545 | Lair:4   | Found a hide-covered altar of Uskayaw.
 25708 | Lair:4   | Reached *** piety under Wu Jian
 26324 | Lair:5   | Found a staircase to the Slime Pits.
 26324 | Lair:5   | Found a viscous altar of Jiyva.
 27003 | Lair:5   | Reached XP level 14. HP: 79/79 MP: 19/19
 27003 | Lair:5   | Gained a life (1 life remaining)
 28181 | Lair:5   | Identified the +5 morningstar of Conscience {antimagic,
                  | rPois Str+5 Int-4 Stlth+}
 28573 | D:11     | Reached skill level 15 in Dodging
 28735 | D:13     | Reached skill level 1 in Evocations
 29170 | D:13     | Found a gate to the Vaults.
 29532 | D:14     | Found a gate leading to a gauntlet.
 29553 | Gauntlet | Entered a Gauntlet
 29553 | Gauntlet | Found a transporter.
 29765 | Gauntlet | Found a transporter.
 29768 | Gauntlet | Found a transporter.
 29769 | Gauntlet | Found a transporter.
 29777 | Gauntlet | Found a transporter.
 29780 | Gauntlet | Found a transporter.
 29781 | Gauntlet | Found a transporter.
 29785 | Gauntlet | Found a runed translucent door.
 29786 | Gauntlet | Found a runed translucent door.
 29789 | Gauntlet | Found a transporter.
 29792 | Gauntlet | Found a transporter.
 29793 | Gauntlet | Found a transporter.
 29801 | Gauntlet | Found a transporter.
 29804 | Gauntlet | Found a transporter.
 29805 | Gauntlet | Found a transporter.
 29813 | Gauntlet | Found a transporter.
 29932 | Gauntlet | Identified the +1 arbalest of Trauma {drain, Str+3 Int+3}
 29991 | Gauntlet | Identified the +3 pair of gloves of Fab Rua {-Tele rC++}
 29995 | Gauntlet | Identified the +1 leather armour of the Will of the Gods
                  | {Dex+2}
 29996 | Gauntlet | Got the Folio of Baleful Death
 30138 | D:14     | Reached **** piety under Wu Jian
 30144 | D:14     | Mangled by a meliai
 30144 | D:14     | Lost a life (0 lives remaining)
 30221 | Orc:1    | Entered Level 1 of the Orcish Mines
 30504 | Orc:1    | Noticed an orc warlord
 31061 | D:15     | Entered Level 15 of the Dungeon
 31605 | D:15     | Reached XP level 15. HP: 60/85 MP: 20/20
 31605 | D:15     | Gained a life (1 life remaining)
 32999 | Orc:2    | Entered Level 2 of the Orcish Mines
 33104 | Orc:2    | Reached skill level 5 in Evocations
 33166 | Orc:2    | Found Coaceov's Antique Armour Shoppe.
 33484 | Orc:2    | Reached ***** piety under Wu Jian
 33674 | Orc:2    | Found Vemosirr's Antique Weapon Shoppe.
 33698 | Orc:2    | Found Fiawn's Book Shoppe.
 33794 | Orc:2    | Found a staircase to the Elven Halls.
 33794 | Orc:2    | Found Fietom's General Store.
 33811 | Orc:2    | Bought a scroll of revelation for 120 gold pieces
 33811 | Orc:2    | Bought a scroll of teleportation for 48 gold pieces
 34261 | Elf:1    | Entered Level 1 of the Elven Halls
 34485 | D:9      | Bought the amulet "Ytegaczi" {Acrobat rC+ Regen+ Dex+3} for
                  | 704 gold pieces
 34707 | D:1      | Bought a potion of haste for 200 gold pieces
 35514 | Elf:1    | Reached XP level 16. HP: 92/92 MP: 21/21
 35514 | Elf:1    | Gained a life (2 lives remaining)
 35869 | Elf:1    | Mangled by a +5 glaive of venom
 35869 | Elf:1    | Lost a life (1 life remaining)
 36724 | Elf:2    | Noticed an Ice Fiend
 36797 | Elf:2    | Reached ****** piety under Wu Jian
 36999 | Elf:2    | Found Vichih's Magic Scroll Boutique.
 37003 | Elf:2    | Bought a scroll of fog for 68 gold pieces
 37003 | Elf:2    | Bought a scroll of fear for 68 gold pieces
 37003 | Elf:2    | Bought a scroll of blinking for 127 gold pieces
 37003 | Elf:2    | Bought a scroll of teleportation for 51 gold pieces
 37133 | Elf:2    | Found a runed translucent door.
 37158 | Elf:2    | Found a runed translucent door.
 37238 | Elf:3    | Entered Level 3 of the Elven Halls
 37504 | Elf:3    | Noticed a deep elf master archer
 38568 | Elf:3    | Killed a deep elf master archer
 38625 | Elf:3    | Reached skill level 15 in Unarmed Combat
 38652 | Elf:3    | Reached skill level 15 in Fighting
 39074 | Elf:3    | Reached XP level 17. HP: 90/99 MP: 22/22
 39276 | Elf:3    | Identified the +5 falchion of Velomyidd {speed, rC+ Int+3
                  | Stlth-}
 39276 | Elf:3    | Identified the amulet of Tiguh {Acrobat Stlth+}
 39299 | Elf:3    | Noticed a deep elf master archer
 39437 | Elf:3    | Killed from afar by a deep elf pyromancer
 39437 | Elf:3    | Lost a life (0 lives remaining)
 39800 | Swamp:1  | Entered Level 1 of the Swamp
 41844 | Swamp:2  | Found a runed translucent door.
 41846 | Swamp:2  | Noticed a tentacled monstrosity
 41847 | Swamp:2  | Noticed angrytalen3's ghost (adept MiGl)
 43340 | Swamp:3  | Learned a level 1 spell: Apportation
 44344 | Swamp:4  | Entered Level 4 of the Swamp
 45255 | Swamp:4  | HP: 5/100 [eight-headed hydra (9)]
 46253 | Swamp:4  | Learned a level 3 spell: Swiftness
 46441 | Swamp:4  | Got a decaying rune of Zot
 47109 | Spider:1 | Entered Level 1 of the Spider Nest
 47353 | Elf:3    | Noticed a deep elf blademaster
 47600 | Elf:3    | Noticed a deep elf master archer
 47767 | Vaults:1 | Entered Level 1 of the Vaults
 47784 | Vaults:1 | Reached XP level 18. HP: 74/105 MP: 23/23
 47915 | Vaults:1 | Found a crumbling gateway.
 47920 | Desolati | Entered the Desolation of Salt
 48471 | Desolati | Identified the +7 plate armour of Wemixken {rC- rN++}
 48759 | Desolati | Identified the ring "Dakkuhar" {*Corrode rC+ Str+6 Int+3}
 48841 | Desolati | Identified the +1 broad axe "Concordance" {distort, ^Drain
                  | rC+ Will+ Dex+2}
 49393 | Desolati | Reached skill level 15 in Shapeshifting
 49451 | Desolati | Identified the ring "Uquysm" {Wiz +Blink rPois Dex+2}
 49455 | Desolati | Got the Folio of Violent Virulence
 49690 | Desolati | Identified the ring "Sixtoaro" {rPois Slay+2}
 49888 | Desolati | Got Sif Muna's Enchiridion on Sandy Congelation
 49895 | Desolati | Got Fyixua's Discursus on Septic Confrontation
 50300 | Vaults:1 | Found Neotimop's Weapon Boutique.
 52036 | Vaults:2 | Reached XP level 19. HP: 111/111 MP: 24/24
 52036 | Vaults:2 | Gained a life (1 life remaining)
 52410 | Vaults:2 | Identified the +1 ring mail of Distant Shores {rC+ rN+
                  | Str+2}
 52625 | Vaults:2 | Found a staircase to the Crypt.
 53964 | Vaults:3 | Reached skill level 15 in Stealth
 54210 | Vaults:3 | Found a transporter.
 54404 | Vaults:3 | Found Urchim's Armour Shop.
 55709 | Elf:3    | Reached XP level 20. HP: 85/119 MP: 25/25
 55719 | Elf:3    | Identified the staff "Spiderbane" {rElec rF+ Hexes Air}
 55917 | Elf:3    | Identified the +2 leather armour "Macec" {Dex+4}
 56575 | Elf:3    | Got the Compilation of Quantum Combustion
 56927 | D:15     | Found a shadowy altar of Dithmenos.
 56988 | D:15     | Found a staircase to the Depths.
 57428 | Depths:1 | Entered Level 1 of the Depths
 57432 | Depths:1 | You fall into a shaft and drop 1 floor!
 57596 | Depths:1 | Found a one-way gateway to a ziggurat.
 57625 | Depths:1 | Noticed Norris
 57654 | Depths:1 | Killed Norris
 57692 | Depths:1 | Killed from afar by a spriggan air mage
 57692 | Depths:1 | Lost a life (0 lives remaining)
 57730 | Depths:1 | Found a gateway to Hell.
 57882 | Crypt:1  | Entered Level 1 of the Crypt
 58117 | Crypt:1  | Noticed Saint Roka
 58219 | Crypt:1  | Killed Saint Roka
 58818 | Crypt:1  | Noticed Vv
 59450 | Crypt:2  | Found a runed translucent gate.
 59450 | Crypt:2  | Found a runed translucent gate.
 59454 | Crypt:2  | Found a runed translucent gate.
 59455 | Crypt:2  | Found an opulent altar of Gozag.
 59458 | Crypt:2  | Noticed Ulecsuczon's ghost (veteran MiGl)
 59778 | Crypt:3  | Entered Level 3 of the Crypt
 59909 | Crypt:3  | Identified the +10 battleaxe "Puycomips" {flame, Dex+3}
 59914 | Crypt:3  | Reached XP level 21. HP: 53/126 MP: 26/26
 60062 | Crypt:3  | Found a basalt altar of Yredelemnul.
 60430 | Crypt:3  | Noticed an ancient lich
 60453 | Crypt:3  | Killed an ancient lich
 60662 | Crypt:3  | Got the Secrets of Death
 61486 | Crypt:3  | Found a staircase to the Tomb.
 63020 | Lair:4   | Killed Rupert
 64078 | Spider:2 | Noticed Arachne
 64097 | Spider:1 | Killed Arachne
 66032 | Spider:3 | Noticed Jorgrun
 66045 | Spider:3 | Killed Jorgrun
 67045 | Spider:4 | Entered Level 4 of the Spider Nest
 67269 | Spider:3 | Reached XP level 22. HP: 121/132 MP: 27/27
 67269 | Spider:3 | Gained a life (1 life remaining)
 68842 | Spider:4 | Identified the orb of Beyond {mayhem, rElec Int+3 Dex+2}
 68844 | Spider:4 | Got a gossamer rune of Zot
 68978 | Spider:4 | Identified the +2 robe of Ghostly Satisfaction {Regen+}
 69927 | Depths:2 | Noticed a golden dragon
 69934 | Depths:2 | Killed a golden dragon
 70523 | Depths:2 | Found a one-way gate leading to the halls of Pandemonium.
 71556 | Depths:3 | Identified the +0 kite shield "Erac Cok" {rPois rF- rCorr
                  | Int+3}
 71665 | Depths:3 | Gained mutation: You have a pair of small antennae on your
                  | head. [potion of mutation]
 71665 | Depths:3 | Gained mutation: You are frail. (-10% HP) [potion of
                  | mutation]
 71665 | Depths:3 | Gained mutation: You are partially covered in iridescent
                  | scales. (AC +2) [potion of mutation]
 71665 | Depths:3 | Gained mutation: You expend magic power (3 MP) to
                  | strengthen your wands. [potion of mutation]
 71666 | Depths:3 | Lost mutation: You are frail. (-10% HP) [potion of
                  | mutation]
 71666 | Depths:3 | Lost mutation: You are partially covered in iridescent
                  | scales. (AC +2) [potion of mutation]
 71666 | Depths:3 | Gained mutation: You are weak. (Str -2) [potion of
                  | mutation]
 71666 | Depths:3 | Gained mutation: Your flesh is heat resistant. (rF+)
                  | [potion of mutation]
 71901 | Depths:3 | Found a one-way gate to the infinite horrors of the Abyss.
 72031 | Depths:3 | Found a sacrificial altar of Ru.
 72337 | Depths:4 | Entered Level 4 of the Depths
 72346 | Depths:4 | Found a shimmering blue altar of Sif Muna.
 72383 | Depths:4 | Reached XP level 23. HP: 137/137 MP: 28/28
 72668 | Depths:4 | Found a flickering gateway to a bazaar.
 72677 | Bazaar   | Entered a bazaar
 72677 | Bazaar   | Found Koosucwo's Distillery.
 72677 | Bazaar   | Found Wehovvio's Weapon Emporium.
 72684 | Bazaar   | Found Suidd's Weapon Shoppe.
 72700 | Bazaar   | Found Toaczy's Assorted Antiques.
 72708 | Bazaar   | Bought a wand of iceblast (3) for 223 gold pieces
 72708 | Bazaar   | Bought a wand of digging (3) for 390 gold pieces
 72720 | Bazaar   | Bought a potion of curing for 27 gold pieces
 72720 | Bazaar   | Bought a potion of curing for 27 gold pieces
 72720 | Bazaar   | Bought a potion of curing for 27 gold pieces
 72720 | Bazaar   | Bought a potion of resistance for 90 gold pieces
 72720 | Bazaar   | Bought a potion of heal wounds for 45 gold pieces
 72720 | Bazaar   | Bought a potion of mutation for 72 gold pieces
 72720 | Bazaar   | Bought a potion of mutation for 72 gold pieces
 72720 | Bazaar   | Bought a potion of curing for 27 gold pieces
 72720 | Bazaar   | Bought a potion of heal wounds for 45 gold pieces
 72720 | Bazaar   | Bought a potion of cancellation for 72 gold pieces
 72840 | Depths:4 | Noticed a caustic shrike
 72848 | Depths:4 | Killed a caustic shrike
 72849 | Depths:4 | Noticed a caustic shrike
 72849 | Depths:4 | Noticed a caustic shrike
 72860 | Depths:4 | Killed a caustic shrike
 72869 | Depths:4 | Killed a caustic shrike
 72935 | Depths:4 | Noticed a juggernaut
 72936 | Depths:4 | Noticed Dameikh's ghost (veteran FoFi)
 72946 | Depths:4 | Found a bloodstained altar of Trog.
 72955 | Depths:4 | Found a transporter.
 72959 | Depths:4 | Found a transporter.
 73065 | Depths:4 | Noticed Xtahua
 73404 | Vaults:5 | Entered Level 5 of the Vaults
 73550 | Vaults:5 | HP: 6/137 [fire giant/+0 great sword of flaming (35)]
 73550 | Vaults:5 | Slain by a fire giant
 73550 | Vaults:5 | Lost a life (0 lives remaining)
 73664 | Vaults:5 | Noticed an ancient lich
 73665 | Vaults:5 | Killed an ancient lich
 74063 | Vaults:5 | Identified the +4 sling of the Spectre {freeze, rN+ Stlth+}
 74077 | Vaults:5 | Got the Handbook of Transposition and Trauma
 74218 | Vaults:5 | Identified the +6 dagger of Beyond {flame, Str+3}
 74229 | Vaults:5 | Identified the +7 orcbow "Bieliomp" {drain, rC+ Stlth+}
 74237 | Vaults:5 | Identified the +8 broad axe of Biwequr {venom, Str+3}
 74238 | Vaults:5 | Identified the +0 plate armour of Honesty {rC+ Str+2}
 74811 | Vaults:5 | Identified the +1 morningstar of Wrongful Imprisonment
                  | {heavy, SInv}
 75115 | Vaults:5 | Noticed an ancient lich
 75124 | Vaults:5 | Killed an ancient lich
 75126 | Vaults:5 | Reached XP level 24. HP: 128/142 MP: 28/28
 75138 | Vaults:5 | Acquired the ring "Toeteimm" {rN+ rCorr Str+5 Stlth+}
 75232 | Vaults:5 | Got a silver rune of Zot
 75255 | Vaults:5 | Identified the +7 morningstar of Untruth {pain, rC+ rN+
                  | Dex+4}
 76352 | Depths:4 | Found a gate to the Realm of Zot.
 76469 | Depths:4 | Killed Xtahua
 76803 | Zot:1    | Entered Level 1 of the Realm of Zot
 77262 | Tomb:1   | Entered Level 1 of the Tomb of the Ancients
 77698 | Tomb:1   | Noticed a royal mummy
 78190 | Slime:1  | Entered Level 1 of the Pits of Slime
 80497 | Slime:4  | Noticed Dissolution
 80658 | Slime:4  | Killed Dissolution
 81096 | Slime:5  | Entered Level 5 of the Pits of Slime
 81859 | Slime:5  | Noticed the Royal Jelly
 81946 | Slime:5  | Gained mutation: Your body sometimes deteriorates upon
                  | taking damage. [a shining eye]
 81952 | Slime:5  | Reached XP level 25. HP: 108/150 MP: 28/28
 81952 | Slime:5  | Gained a life (1 life remaining)
 81977 | Slime:5  | Found a viscous altar of Jiyva.
 82012 | Slime:5  | Killed the Royal Jelly
 82016 | Slime:5  | Found the ring of the Octopus King
 82361 | Slime:5  | Found the +8 Vampire's Tooth {megavamp}
 82405 | Slime:5  | Identified the amulet "Juguifa" {RegenMP rElec}
 82416 | Slime:5  | Got a slimy rune of Zot
 82443 | Slime:5  | Identified a ring of the Octopus King {rCorr HP+2 AC+2 EV+2
                  | SH+2}
 82538 | Slime:5  | Got the Grimoire of Ceraunoscopy and the Cucurbite
 82568 | Slime:5  | Identified the +2 rapier of Fortitude {flame, *Rage Fly
                  | rCorr Dex+2}
 82871 | Zig:1    | Entered Level 1 of a ziggurat
 82887 | Zig:2    | Entered Level 2 of a ziggurat
 82899 | Zig:2    | Identified the ring "Katredyco" {rElec rC+}
 82906 | Zig:3    | Entered Level 3 of a ziggurat
 82933 | Zig:4    | Entered Level 4 of a ziggurat
 82982 | Zig:5    | Entered Level 5 of a ziggurat
 83169 | Zig:5    | Identified the ring "Dikes" {Wiz rF+ Will++ Str+4 Stlth-}
 83279 | Zig:5    | Identified the staff "bakla's Doom" {+Blink rF- rN+ Dex+2
                  | Necro}
 83281 | Zig:6    | Entered Level 6 of a ziggurat
 83285 | Zig:6    | Found the dreamshard necklace {Acrobat *Dream}
 83458 | Zig:6    | Identified the ring of Suspicion {rN+ rCorr Dex+3}
 83469 | Zig:6    | Reached XP level 26. HP: 156/156 MP: 28/28
 83481 | Zig:7    | Entered Level 7 of a ziggurat
 83511 | Zig:7    | Identified the +9 falchion of the Scorching Fulmar {freeze,
                  | rN+}
 83593 | Zig:8    | Entered Level 8 of a ziggurat
 83911 | Zig:8    | Reached XP level 27. HP: 162/162 MP: 28/28
 83925 | Zig:9    | Entered Level 9 of a ziggurat
 83947 | Zig:9    | Identified the ring of the Centaur {rPois rN+}
 83950 | Zig:10   | Entered Level 10 of a ziggurat
 83981 | Zig:10   | Identified the +0 robe of the Pleiades {Rampage rF+ Dex+2}
 83984 | Zig:10   | Identified the amulet of Zaenoarchy {Faith Dex+4}
 83985 | Zig:10   | Identified the +5 ice dragon scales of Hazitaer {rElec rF-
                  | rC++ rN+ Will+ Dex+2 Stlth-}
 83987 | Zig:11   | Entered Level 11 of a ziggurat
 84019 | Zig:11   | Paralysed by accursed screaming for 1 turns
 84048 | Zig:12   | Entered Level 12 of a ziggurat
 84084 | Zig:12   | Identified the amulet "Bonup" {Acrobat rPois Will+}
 84367 | Zig:13   | Entered Level 13 of a ziggurat
 84378 | Zig:13   | Noticed an ancient lich
 84380 | Zig:13   | Noticed an ancient lich
 84396 | Zig:13   | Killed an ancient lich
 84401 | Zig:13   | Killed an ancient lich
 84429 | Zig:14   | Entered Level 14 of a ziggurat
 84479 | Zig:14   | Identified the +2 sling of Guile {flame, Int+7}
 84480 | Zig:14   | Identified the +1 pair of gloves of Ifatsaaff {Rampage rC-
                  | Will+ Dex+5}
 84481 | Zig:14   | Identified the +3 scimitar of the Distant Future {freeze,
                  | rF- Will+ Int+3 Dex+3}
 84482 | Zig:14   | Identified the +7 mace of Daraam {distort, Will+ Str+3}
 85495 | Zot:1    | You fall into a shaft and drop 1 floor!
 86440 | Zot:1    | Learned a level 3 spell: Fugue of the Fallen
 86473 | Zot:1    | Reached skill level 1 in Necromancy
 86824 | Zot:1    | HP: 12/247 [tentacled monstrosity (16)]
 87794 | Zot:2    | Reached skill level 5 in Spellcasting
 88034 | Zot:4    | Reached skill level 5 in Necromancy
 88419 | Zot:4    | Got Dijavvale's Vademecum on the Congealing Birds
 88457 | Zot:5    | Entered Level 5 of the Realm of Zot
 89093 | Zot:5    | Gained a life (2 lives remaining)
 89471 | Zot:5    | Identified the ring of the Lotus Blossom {rF+ AC+4 Int+2
                  | Dex-3}
 89497 | Zot:5    | Gained mutation: You are strong-willed. (Will+) [mutagenic
                  | glow]
 89505 | Zot:5    | Gained mutation: You are very weak. (Str -4) [mutagenic
                  | glow]
 89523 | Zot:5    | Gained mutation: You occasionally lose the ability to drink
                  | potions when taking damage. [mutagenic glow]
 90124 | Zot:5    | Noticed an orb of fire
 90126 | Zot:5    | Killed an orb of fire
 90140 | Zot:5    | Noticed an orb of fire
 90141 | Zot:5    | Killed an orb of fire
 90698 | Zot:5    | Noticed an orb of fire
 90702 | Zot:5    | Noticed an orb of fire
 90705 | Zot:5    | Killed an orb of fire
 90707 | Zot:5    | Saved by the dreamshard amulet
 91093 | Zot:5    | Got the Orb of Zot
 91249 | Depths:4 | Noticed Netay the pandemonium lord
 91265 | Depths:4 | Slain by Netay the pandemonium lord
 91265 | Depths:4 | Lost a life (1 life remaining)
 91624 | D:$      | Escaped with the Orb!

Illustrated notes

Levels and vault maps discovered:
D:1:      lightli_arrival_chessboard, layout_basic, serial_shops,
          nicolae_diamond_shop, hellmonk_ecumenical_altar_prayer_group,
          minmay_misc_feat_cross, chequers_mini_garden, serial_bayou_crossing
D:2:      minmay_chambers_of_ones, layout_loops_corners, skrybe_limestone_x,
          uniq_jessica
D:3:      layout_loops_cross, zin_academy, gammafunk_temple_overflow_arena,
          nicolae_overflow_two_pavilions, uniq_robin
D:4:      layout_cave_pools, mainiacjoe_overflow_paths, grunt_qazlal_sundering,
          chequers_serial_rivers_small_3
D:5:      layout_basic, tgw_fedhas, mainiacjoe_overflow_six_doors_small,
          kennysheep_mini_moat, serial_shops, shop, minmay_fire_ice_demons,
          uniq_duvessa
D:6:      kennysheep_six_static_rooms, layout_basic,
          mainiacjoe_overflow_alcove_2, grunt_decor_mini_mirrors
D:7:      layout_basic, nicolae_elyvilon_peaceful_grove,
          minmay_temple_entry_wispy, minmay_misc_feat_tower,
          kennysheep_another_room, nrook_mini_backslash,
          hangedman_abyss_or_decor_lesser_grid, uniq_joseph
D:8:      layout_loops_ring, mainiacjoe_overflow_alcove_4
D:9:      wad_cavern_with_rooms, layout_basic, ashenzari_conservatory_becter,
          serial_shops, nicolae_shop_behind_doors, hex_tiny, guppyfry_shop_venom
D:10:     layout_gridville, nicolae_gozag_seed_capital,
          regret_index_xom_buried_treasure, lair_entry_dummy
D:11:     layout_loops_ring, vehumet_statue
D:12:     layout_gridville, erik_orc_4
D:13:     layout_rooms, david_vaults_4
D:14:     layout_basic, gauntlet_entry_generic, minmay_misc_feat_alley,
          chequers_serial_rivers_micro_a
D:15:     gammafunk_depths_entry_grave, layout_irregular_city,
          grunt_dithmenos_shadows
Lair:1:   layout_layer_cave, grunt_megastairs_1, lemuel_fruit_tree
Lair:2:   layout_hall_layers, mainiacjoe_swamp_entry_lozenge_pond,
          chequers_serial_rivers_micro_b
Lair:3:   layout_loops_ring, nicolae_spider_entry_tight_spaces
Lair:4:   layout_roguey, special_room [special_room_mythical_zoo], basic_altar,
          uniq_rupert
Lair:5:   grunt_lair_end_beastmaster, layout_regular_city, slime_entry_1,
          nicolae_quartered_pool_impasse, grunt_megastairs_2
Swamp:1:  nicolae_swamp_ascending_descending_big, layout_basic_swamp,
          hangedman_swamp_cone, infiniplex_staircase_pool_2,
          nicolae_swamp_decorative_isthmus
Swamp:2:  layout_basic_swamp, ebering_ghost_inner_flame, serial_swamp_ruin,
          evilmike_swamp_ruin_house_3, evilmike_swamp_ruin_house_5
Swamp:3:  layout_falls_marsh, hangedman_swamp_ruin_wall, swamp_pool_1_2,
          nicolae_swamp_reclaimed_castle, infiniplex_staircase_pool
Swamp:4:  swamp, layout_basic_swamp, nicolae_swamp_tree_isthmus
Spider:1: layout_spider_delve
Spider:2: layout_spider_delve, uniq_arachne
Spider:3: layout_spider_delve, uniq_jorgrun
Spider:4: grunt_spider_rune_parallel, nicolae_arachne_temple
Slime:1:  layout_caves, nicolae_slime_phagocytosis
Slime:2:  layout_caves, cheibrodos_slime_lost_civilization_6
Slime:3:  layout_caves
Slime:4:  layout_caves, uniq_dissolution
Slime:5:  slime_pit_nicolae_trefoil
Orc:1:    layout_caves, mines3_lemuel
Orc:2:    grunt_orc_gardens, layout_diamond_mine, grunt_orc_garden,
          grunt_orc_garden, grunt_orc_garden, grunt_orc_garden, basic_altar
Elf:1:    layout_geoelf_grid, kennysheep_underground_church
Elf:2:    elven_hall_of_blades_hangedman_original
          [nicolae_blade_entry_splitting_headache], layout_gridlike,
          serial_shops, nicolae_shop_rolled_up
Elf:3:    minmay_elf_hall_quartered_circle, layout_rooms
Vaults:1: portal_desolation_entry_nicolae_forbidding_blocks,
          vaults_room_door_ring, nicolae_vaults_taking_the_gang_shopping,
          hangedman_vaults_maws, nicolae_vaults_closet_pinwheel_5, v_misc_12,
          nicolae_vaults_diamond_1, nicolae_vaults_house_3,
          layout_vaults_omnigrid
Vaults:2: nicolae_vaults_trapezoid_layered, hangedman_vaults_restitches,
          minmay_crypt_entry_simple_plaza, nicolae_vaults_twisting_passages,
          vaults_room_fours, hangedman_vaults_stitches, ontoclasm_vaults_pinch,
          vaults_mumra_chevron_long, v_misc_28, nicolae_vaults_lightning_bolt,
          nicolae_vaults_little_squares_2, nicolae_vaults_network_s,
          layout_vaults_maze_bifur
Vaults:3: emtedronai_trogs_sanctum, nicolae_vaults_closet_pinwheel_1,
          ontoclasm_vaults_hangar, v_misc_23, nicolae_vaults_asterisk,
          v_pattern_3, hangedman_vaults_capsules, hangedman_vaults_unwind,
          nicolae_vaults_closet_pinwheel_4, dpeg_vaults_monster_row,
          grunt_vaults_hallway_long, vaults_room_hallway, v_misc_16,
          nicolae_vaults_gold_heap, nicolae_vaults_house_3,
          layout_vaults_omnibox, serial_shops, nicolae_shop_tiny_statue_garden
Vaults:4: nicolae_vaults_specimen_jars, vaults_room_stairs_pillars,
          vaults_dpeg_cross, nicolae_vaults_theta, vaults_room_semicircle,
          nicolae_vaults_three_branches, vaults_room_door_ring,
          serial_library_hellmonk_reading_circle, nicolae_vaults_rhombus_6,
          v_rooms_3, vaults_room_pool, ontoclasm_vaults_decontamination,
          layout_vaults_omnicross
Vaults:5
Crypt:1:  layout_chaotic_city, small_chamber_with_monster, uniq_saint_roka,
          uniq_vv
Crypt:2:  layout_misc_corridors, ebering_ghost_gozag
Crypt:3:  church_of_pain_bobbens, layout_chaotic_city,
          nicolae_tomb_entry_rubble_hallway, st_burial_chamber
Tomb:1
Depths:1: layout_cave_pools, enter_ziggurat_a, hangedman_coc_ice_floe,
          chequers_serial_rivers_room_b, nicolae_the_louvre, uniq_norris
Depths:2: minmay_cut_squares, layout_basic, rand_demon_pan_entry_1,
          abandoned_shop, hell_entry, chequers_jeans, patterned_corridor
Depths:3: minmay_open_boxes_in_corner, layout_gridville,
          nicolae_abyss_entry_one_way_or_another,
          nicolae_ru_the_path_less_chosen, grunt_hell_entry_dis_old
Depths:4: grunt_zot_entry_alcove, layout_basic,
          nicolae_hell_entry_hellmouth_sunbeams, serial_shops,
          bzr_entry_lakeside, gammafunk_ghost_wrathful_warriors,
          nicolae_sif_muna_condensation, uniq_xtahua
Zot:1:    lemuel_draconian_sentries, layout_cellular_growth,
          regret_index_zotdec_misc_clamp, grunt_ministairs_15
Zot:2:    layout_onion_interference
Zot:3:    layout_cathedral_of_symmetry, lemuel_elevator
Zot:4:    layout_gridlike, hangedman_zot_decor_tridents
Zot:5:    layout_gridlike, regret_index_zotdec_ex, regret_index_zotdec_onion_hex

Skill      XL: |  1  2  3  4  5  6  7  8  9 10 11 12 13 14 15 16 17 18 19 20 21 22 23 24 25 26 27 |
---------------+----------------------------------------------------------------------------------+-----
Stealth        | 1 2 3 4 5 7 9 10 13 15 19 20 | 20.1
Dodging        | 1 2 3 4 6 8 10 11 12 14 15 17 18 19 20 22 25 | 25.0
Shapeshifting  | 1 2 3 4 6 8 10 11 12 13 14 15 16 17 19 21 23 | 23.1
Fighting       | 4 5 7 8 9 10 11 12 13 15 16 18 19 20 21 22 25 | 25.1
Spellcasting   | 2 3 5 |  5.0
Unarmed Combat | 4 5 7 8 9 10 11 12 13 15 16 18 19 20 21 22 25 | 25.1
Evocations     | 4 5 7 8 |  8.0
Necromancy     | 5 |  5.0
Fire Magic     | |  2.6

Action                     |  1- 3 |  4- 6 |  7- 9 | 10-12 | 13-15 | 16-18 | 19-21 | 22-24 | 25-27 || total
---------------------------+-------+-------+-------+-------+-------+-------+-------+-------+-------++-------
  Melee: Unarmed           |    31 |    61 |   177 |   688 |  1062 |  1268 |  1635 |  1717 |  1296 ||  7935
         Bite              |     2 |     5 |    19 |   103 |   148 |   187 |   251 |   285 |   196 ||  1196
         Punch             |     2 |     2 |    10 |    45 |    99 |   138 |   237 |   287 |   249 ||  1069
   Cast: Scorch            |    32 |    85 |   170 |   128 |       |       |       |       |       ||   415
         Summon Small Mamm |     1 |     8 |    26 |     8 |       |       |       |       |       ||    43
         Call Imp          |       |       |       |       |     1 |       |       |       |       ||     1
         Swiftness         |       |       |       |       |       |     1 |       |       |       ||     1
         Fugue of the Fall |       |       |       |       |       |       |       |       |     5 ||     5
 Invoke: Foxfire Swarm     |     1 |       |       |       |       |       |       |       |       ||     1
         Serpent's Lash    |       |       |       |       |    10 |    24 |    28 |    18 |    18 ||    98
         Heavenly Storm    |       |       |       |       |       |       |     2 |     3 |     3 ||     8
Ability: Whirlwind         |       |       |       |    25 |   168 |   232 |   411 |   513 |   479 ||  1828
         Lunge             |       |       |       |     4 |   111 |   145 |   177 |   166 |    90 ||   693
         Wall Jump         |       |       |       |       |       |     1 |     1 |       |       ||     2
         Siphon Essence    |       |       |       |       |       |       |       |     3 |     2 ||     5
  Evoke: Wand              |       |       |     8 |    22 |    24 |    27 |    18 |       |    10 ||   109
         Phantom mirror    |       |       |       |     3 |     3 |     1 |     1 |       |     1 ||     9
         Condenser vane    |       |       |       |       |       |       |     1 |     1 |       ||     2
         Sack of spiders   |       |       |       |       |       |       |     1 |       |     1 ||     2
         Lightning rod     |       |       |       |       |       |       |       |     5 |     7 ||    12
    Use: Scroll            |     2 |     9 |    11 |    11 |     9 |     9 |    12 |     9 |    10 ||    82
         Potion            |       |       |     5 |     8 |     7 |     6 |    15 |    19 |    16 ||    76
   Stab: Sleeping          |     1 |       |     4 |    11 |    23 |    32 |    28 |    23 |     9 ||   131
         Distracted        |       |       |     2 |     1 |    11 |    11 |    18 |    14 |     4 ||    61
         Invisible         |       |       |       |       |    22 |       |       |     5 |     1 ||    28
         Paralysed         |       |       |       |       |       |     2 |       |       |       ||     2
 Armour: Skin              |     9 |    26 |    87 |   217 |   197 |   304 |   315 |   323 |   221 ||  1699
  Dodge: Dodged            |    19 |    83 |   182 |   556 |   794 |  1069 |  1304 |  1144 |   917 ||  6068
  Block: Other             |       |       |    55 |   128 |   145 |       |       |       |     8 ||   336
         Reflection        |       |       |     5 |     5 |     9 |       |       |       |       ||    19
   Form: Beast             |       |       |     1 |       |       |       |       |       |       ||     1
         Blade             |       |       |       |     1 |       |       |     1 |     1 |     4 ||     7
         Death             |       |       |       |       |       |       |     1 |     3 |     5 ||     9
                           |       |       |       |       |       |       |       |     2 |     4 ||     6
